 Dungeon Crawl Stone Soup version 0.29-a0-1065-g47a6bb87d6 (webtiles) character file.

Game seed: 13421118531672258100

159644 drugrobin the Black Belt (level 16, -1/133 (134) HPs)
             Began as a Demigod Delver on Aug 18, 2022.
             Slain by a ghost moth (12 damage)
             ... on level 4 of the Spider Nest.
             The game lasted 02:09:48 (46077 turns).

drugrobin the Black Belt (Demigod Delver)          Turns: 46077, Time: 02:09:49

HP:   -1/133 (134)  AC: 15    Str:  9 (17) XL:     16   Next: 61%
MP:   0/32          EV: 23    Int: 20 (24) God:
Gold: 1374          SH:  5    Dex: 15 (19) Spells: 14/25 levels left

rFire   . . .      SeeInvis +     - Unarmed
rCold   + . .      Faith    .   (no shield)
rNeg    + . .      Spirit   +   S - +4 moon troll leather armour {Spirit, Regen++ MP+5}
rPois   .          Reflect  +   X - +2 hat
rElec   +          Harm     .   W - +0 cloak {rCorr}
rCorr   +          Rampage  ∞   h - +1 pair of gloves "Ematiq" {rElec Will+}
Will    ++...                   Z - +3 pair of seven-league boots {Rampage+∞}
Stlth   +++.......              z - amulet "Uculigg" {Reflect rC+ SH+5}
HPRegen 1.92/turn               R - ring of see invisible
MPRegen 0.23/turn               y - ring of New Discoveries {Fly rN+ EV+4}

@: flying, lightly drained
A: high MP 1, forlorn, divine attributes, deformed body, frail 1
a: no special abilities


You were on level 4 of the Spider Nest.
You visited 5 branches of the dungeon, and saw 25 of its levels.
You also visited: Ossuary, Bailey and Volcano.

You collected 3389 gold pieces.
You spent 2015 gold pieces at shops.

Inventory:

Missiles
 w - 23 boomerangs
 x - 3 silver boomerangs (quivered)
 I - 15 poisoned darts
 V - a curare-tipped dart
Armour
 g - a scarf of resistance
 h - the +1 pair of gloves "Ematiq" (worn) {rElec Will+}
   (You acquired it on level 5 of the Lair of Beasts)

   rElec:     It insulates you from electricity.
   Will:      It increases your willpower.
 S - the +4 moon troll leather armour (worn) {Spirit, Regen++ MP+5}
   (You bought it in a shop on level 11 of the Dungeon)

   MP:        It affects your magic capacity (+5).
   Regen:     It increases your rate of health regeneration.
 W - a +0 cloak of preservation (worn)
 X - a +2 hat (worn)
 Z - the +3 pair of seven-league boots (worn) {Rampage+∞}
   (You found it on level 5 of the Lair of Beasts)

   Its wearer moves as far as possible in that direction when moving towards
   enemies.
Jewellery
 b - a ring of wizardry
 k - an amulet of magic regeneration
 u - a ring of protection from cold
 v - a ring of fire
 y - the ring of New Discoveries (right hand) {Fly rN+ EV+4}
   (You found it on level 1 of the Swamp)

   [ring of evasion]

   EV:        It affects your evasion (+4).
   rN:        It protects you from negative energy.
   Fly:       It grants you flight.
 z - the amulet "Uculigg" (around neck) {Reflect rC+ SH+5}
   (You found it on level 1 of the Lair of Beasts)

   [amulet of reflection]

   It reflects blocked missile attacks.
   rC:        It protects you from cold.
   SH:        It affects your SH (+5).
 G - a ring of fire
 Q - a ring of protection from cold
 R - a ring of see invisible (left hand)
Wands
 c - a wand of paralysis (16)
 f - a wand of digging (9)
 r - a wand of polymorph (12)
 K - a wand of roots (23)
 L - a wand of mindburst (29)
 U - a wand of quicksilver (7)
 Y - a wand of flame (31)
Scrolls
 d - 3 scrolls of fear
 j - 7 scrolls of immolation
 m - a scroll of magic mapping
 n - 5 scrolls of poison
 q - 6 scrolls of blinking {unknown}
 t - 4 scrolls of fog
 A - 6 scrolls of vulnerability
 C - 4 scrolls of enchant weapon {unknown}
 D - 9 scrolls of teleportation
 J - 2 scrolls of torment
 P - 3 scrolls of summoning
Potions
 a - 3 potions of magic {unknown}
 e - 7 potions of haste
 i - 3 potions of curing
 l - 2 potions of heal wounds
 o - a potion of cancellation {unknown}
 p - 3 potions of might {unknown}
 s - a potion of resistance {unknown}
 B - a potion of lignification {unknown}
 E - a potion of degeneration {unknown}
 F - 7 potions of attraction
 H - 2 potions of invisibility {unknown}
 M - 2 potions of ambrosia {unknown}
 N - 3 potions of flight {unknown}
Miscellaneous
 O - a condenser vane
 T - a tin of tremorstones (2/2)


   Skills:
 + Level 15.1 Fighting
 + Level 14.6 Dodging
 - Level 4.6 Stealth
 - Level 18.0 Unarmed Combat
 - Level 5.0 Spellcasting
 - Level 8.0 Transmutations
 - Level 10.0 Evocations


You had 14 spell levels left.
You knew the following spells:

 Your Spells              Type           Power      Damage    Failure   Level
a - Beastly Appendage     Tmut           74%        N/A       1%          1
b - Wereblood             Tmut           37%        N/A       1%          2
c - Spider Form           Tmut/Pois      21%        N/A       10%         3
d - Irradiate             Conj/Tmut      10%        3d15      65%         5

Your spell library contained the following spells:

 Spells                   Type           Power      Damage    Failure   Level
 Apportation              Tloc           10%        N/A       16%         1
 Freeze                   Ice            20%        1d4       16%         1
 Slow                     Hex            20%        N/A       16%         1
 Poisonous Vapours        Pois/Air       10%        N/A       24%         2
 Sublimation of Blood     Necr           5%         N/A       24%         2
 Petrify                  Tmut/Erth      21%        N/A       30%         4
 Confusing Touch          Hex            5%         N/A       43%         3
 Dazzling Flash           Conj/Hex       10%        N/A       43%         3
 Frozen Ramparts          Ice            10%        1d2       43%         3
 Ozocubu's Armour         Ice            5%         N/A       43%         3
 Vampiric Draining        Necr           5%         2d6       43%         3
 Alistair's Intoxication  Tmut/Pois      14%        N/A       65%         5
 Anguish                  Hex/Necr       2%         N/A       85%         4
 Corpse Rot               Necr/Pois/Air  5%         N/A       85%         4
 Dispel Undead            Necr           5%         3d7       85%         4
 Hailstorm                Conj/Ice       5%         3d4       85%         4
 Agony                    Necr           5%         N/A       99%         5
 Metabolic Englaciation   Hex/Ice        2%         N/A       99%         5
 Silence                  Hex/Air        2%         N/A       99%         5
 Summon Forest            Summ/Tloc      2%         N/A       99%         5
 Eringya's Noxious Bog    Tmut/Pois      10%        N/A       99%         6
 Death Channel            Necr           2%         N/A       100%        6
 Simulacrum               Ice/Necr       2%         N/A       100%        6
 Enfeeble                 Hex            2%         N/A       100%        7
 Ozocubu's Refrigeration  Ice            2%         4d8       100%        7
 Summon Hydra             Summ           2%         N/A       100%        7


Dungeon Overview and Level Annotations

Branches:
Dungeon (11/15)            Temple (0/1) D:6            Lair (5/5) D:11
  Swamp (3/4) Lair:3       Spider (4/4) Lair:2        Slime (0/5) Lair:4
    Orc (2/2) D:10            Elf (0/3) Orc:2       Ossuary (visited)
 Bailey (visited)         Volcano (visited)

Shops:
D:3 (   D:9 :   D:11 [   Orc:2 (:[*:

Annotations:
D:5 1 runed translucent door, Adrian566's ghost, novice DsFi
D:6 exclusions: boulder beetle and ice beast
Swamp:1 3 runed translucent doors, jejorda2's ghost, adept MfBe
Swamp:2 Roxanne
Swamp:3 Mara


Innate Abilities, Weirdness & Mutations

You have an increased reservoir of magic. (+10% MP)
You shall have no god before yourself.
Your divine heritage dramatically boosts your attributes as you level up.
Armour fits poorly on your strangely shaped body.
You are frail. (-10% HP)


Message History

The ghost moth closely misses you. The ghost moth misses you.
You block the ghost moth's attack.
Unknown command.
You completely miss the ghost moth.
The ghost moth is heavily wounded.
The ghost moth stares at you. The ghost moth hits you.
You feel clumsy. The ghost moth misses you.
The ghost moth completely misses you.
Unknown command.
You punch the ghost moth!
The ghost moth is severely wounded.
The ghost moth completely misses you. The ghost moth hits you!
* * * LOW HITPOINT WARNING * * *
The ghost moth stings you.
* * * LOW HITPOINT WARNING * * *
Unknown command.
You barely miss the ghost moth. You punch the ghost moth!
The ghost moth is almost dead.
Unknown command.
You hit the ghost moth but do no damage.
You punch the ghost moth!
The ghost moth is almost dead.
You block the ghost moth's attack. The ghost moth barely misses you.
The ghost moth stings you.
* * * LOW HITPOINT WARNING * * *
Unknown command.
Unknown command.
You closely miss the ghost moth.
You punch the ghost moth, but do no damage.
The ghost moth is almost dead.
The ghost moth stares at you. The ghost moth hits you!
* * * LOW HITPOINT WARNING * * *
You feel weakened. The ghost moth hits you!
* * * LOW HITPOINT WARNING * * *
You feel weakened. The ghost moth stings you!
You die... .^.##....##~.#..# ss~

~.~~~ ....##...##.....# ~~~~~~#
#....##..##..(.## ~#~~~#
###......##....^#######~~~~######
#.......##^.........~~~~~~~~~...
#.......##.....#~~~~~~#~~~~~~.#.
##^..#.###..~~~~~~~~~~~~~~#~..^.
#..#### #~~#~~~†....~~~...)....
#### #~~~~.@y†.#.....^...^..
#######################


You could see a ghost moth (invisible).

Vanquished Creatures
  Saint Roka (Orc:2)
  Nikola (Swamp:1)
  A thorn hunter (Swamp:3)
  Aizul (Spider:3)
  An orc warlord (Orc:2)
  2 emperor scorpions
  4 ghost moths
  A stone giant (Volcano)
  3 broodmothers
  5 eleionomae
  3 entropy weavers
  3 dire elephants
  A bunyip (Swamp:1)
  2 spark wasps
  Josephine (Swamp:1)
  The ghost of Kazon the Puny, a journeyman GrBe of Trog (Lair:1)
  Erolcha (Orc:2)
  3 boulder beetles
  8 hydras
  A centaur warrior (D:10)
  2 radroaches
  A jorogumo (Spider:2)
  12 alligators
  A catoblepas (Lair:2)
  6 death yaks
  Urug (Orc:2)
  5 orc high priests
  2 sun moths
  Amaemon (Lair:1)
  2 goliath frogs
  7 pharaoh ants
  A spectral anaconda (Lair:5)
  Lodul (D:10)
  A spriggan druid (Swamp:1)
  9 orb spiders
  7 steelbarb worms
  7 swamp dragons
  An obsidian statue (Lair:5)
  3 bog bodies (Swamp:1)
  6 orc knights
  3 necromancers (Lair:5)
  6 orc sorcerers
  25 wolf spiders
  2 will-o-the-wisps
  A manticore (Bailey)
  An oklob plant (D:11)
  A cyclops (Orc:2)
  9 elephants (Lair:5)
  4 moths of wrath
  A dire elephant zombie (Lair:5)
  3 black mambas
  A guardian serpent (Lair:5)
  Joseph (Lair:1)
  8 torpor snails
  3 gargoyles (Volcano)
  An orange demon (Lair:1)
  6 cane toads
  An unseen horror (D:11)
  A dire elephant skeleton (Lair:5)
  8 komodo dragons
  7 demonic crawlers
  An efreet (Volcano)
  A redback zombie (Spider:4)
  4 meliai
  8 trolls
  3 hornets
  8 polar bears
  A tyrant leech (Swamp:1)
  28 tarantellas
  2 spectral tarantellas (Spider:4)
  4 slime creatures (D:11)
  5 blink frogs (Lair:4)
  10 dream sheep
  A culicivora zombie (Spider:4)
  4 spectral elephants (Lair:5)
  4 spriggans
  29 jumping spiders
  23 culicivoras
  A shadow (D:10)
  A vampire (D:11)
  24 yaks
  4 wyverns
  5 wraiths
  2 fire elementals (Volcano)
  A dire elephant simulacrum (Lair:5)
  58 redbacks
  A death yak simulacrum (Lair:5)
  2 vampire mosquitoes (Swamp:3)
  3 spectral cane toads (Lair:5)
  5 swamp worms
  A steam dragon (D:8)
  3 wargs
  An acid dragon (D:11)
  7 water moccasins
  A sky beast (D:8)
  44 orc warriors
  An ice beast (D:5)
  26 ogres
  4 swamp drakes
  5 centaurs
  2 elephant skeletons (Lair:5)
  22 wolves
  A phantom (D:6)
  5 kobold brigands (D:10)
  12 bullfrogs
  An elf zombie (Ossuary)
  2 necrophages (D:6)
  2 gnoll sergeants (D:10)
  5 cane toad simulacra (Lair:5)
  5 scorpions
  5 wights (D:8)
  An elephant simulacrum (Lair:5)
  4 vampire bats (D:6)
  2 killer bees (Lair:2)
  3 howler monkeys
  2 electric eels (Lair:2)
  4 hounds
  A human zombie (Ossuary)
  23 orc priests
  A jelly (D:5)
  4 iguanas
  Natasha (thrice) (D:4)
  29 orc wizards
  3 mummies (Ossuary)
  6 adders
  4 gnolls
  3 white imps
  2 ufetubi (D:5)
  2 worms
  3 dart slugs
  156 orcs
  4 ball pythons
  12 bats
  8 endoplasms
  4 giant cockroaches
  A gnoll zombie (Ossuary)
  5 goblins
  3 hobgoblins
  6 jackals (D:5)
  10 kobolds
  8 quokkas
  A frilled lizard (D:2)
  A goblin zombie (Ossuary)
  3 hobgoblin zombies (Ossuary)
  5 kobold zombies (Ossuary)
  8 rats
946 creatures vanquished.

Vanquished Creatures (others)
  A bloated husk (Swamp:2)
  3 orcs (Orc:2)
  4 foxfires
  11 fungi
  64 plants
  17 withered plants (Lair:5)
100 creatures vanquished.

Grand Total: 1046 creatures vanquished

Notes
Turn   | Place    | Note
-------+----------+-------------------------------------------
     0 | D:5      | drugrobin the Demigod Delver began the quest for the Orb.
     0 | D:5      | Reached XP level 1. HP: 18/18 MP: 3/3
   298 | D:5      | Reached skill level 2 in Unarmed Combat
   465 | D:5      | Found a runed translucent door.
   465 | D:5      | Noticed Adrian566's ghost (novice DsFi)
   514 | D:4      | Noticed a hound
   553 | D:3      | Reached XP level 2. HP: 25/25 MP: 4/4
   863 | D:2      | Reached XP level 3. HP: 21/31 MP: 5/5
  1212 | D:2      | Reached skill level 3 in Unarmed Combat
  2634 | D:2      | Reached XP level 4. HP: 38/38 MP: 6/6
  3737 | D:3      | Found Zibb's Weapon Shoppe.
  3875 | D:3      | Noticed an ogre
  4209 | D:4      | Reached skill level 4 in Unarmed Combat
  4209 | D:4      | Reached XP level 5. HP: 39/46 MP: 7/7
  4509 | D:4      | Noticed Natasha
  4516 | D:4      | Killed Natasha
  4622 | D:4      | Noticed Natasha
  4631 | D:4      | Killed Natasha
  4740 | D:4      | Reached XP level 6. HP: 13/52 MP: 8/8
  5031 | D:4      | Noticed Natasha
  5053 | D:4      | Killed Natasha
  5054 | D:4      | Reached skill level 5 in Unarmed Combat
  6778 | D:5      | Reached skill level 1 in Evocations
  6832 | D:5      | Reached XP level 7. HP: 38/60 MP: 9/9
  6986 | D:5      | Reached skill level 6 in Unarmed Combat
  7599 | D:6      | Reached skill level 5 in Fighting
  7849 | D:6      | Noticed a steam dragon
  7885 | D:6      | a steam dragon changed into a swamp drake
  7930 | D:5      | Reached XP level 8. HP: 68/68 MP: 10/10
  8186 | D:6      | Reached skill level 7 in Unarmed Combat
  8646 | D:6      | Found a staircase to the Ecumenical Temple.
  8887 | D:6      | Noticed a boulder beetle
  9345 | D:7      | Found a sand-covered staircase.
  9350 | Ossuary  | Entered an ossuary
 10524 | D:7      | Reached skill level 8 in Unarmed Combat
 10524 | D:7      | Reached XP level 9. HP: 63/75 MP: 11/11
 10601 | D:7      | Noticed a cacodemon
 12936 | D:8      | Reached skill level 5 in Dodging
 12942 | D:8      | Reached skill level 9 in Unarmed Combat
 14204 | D:9      | Paralysed by an orc wizard for 3 turns
 14379 | D:9      | Reached skill level 10 in Unarmed Combat
 14379 | D:9      | Reached skill level 5 in Evocations
 15078 | D:9      | Reached XP level 10. HP: 59/86 MP: 13/13
 15534 | D:9      | Found Gitiklod's Vocational Training.
 15789 | D:10     | Entered Level 10 of the Dungeon
 15935 | D:10     | Found a flagged portal.
 15947 | D:10     | Noticed a centaur warrior
 15973 | D:10     | Killed a centaur warrior
 16035 | Bailey   | Entered a bailey
 16450 | Bailey   | Noticed an orc knight
 16630 | Bailey   | Noticed an orc knight
 16652 | Bailey   | Reached skill level 11 in Unarmed Combat
 16975 | Bailey   | Noticed a manticore
 16975 | Bailey   | an orc knight changed into a manticore
 16979 | Bailey   | Killed a manticore
 17032 | Bailey   | Killed an orc knight
 17329 | Bailey   | Identified the +0 tower shield of Midnight {Harm rN++
                  | Will-}
 18058 | D:10     | HP: 4/88 [kobold brigand/+0 club (6)]
 18674 | D:10     | Found a staircase to the Orcish Mines.
 18725 | Orc:1    | Entered Level 1 of the Orcish Mines
 18933 | D:10     | Reached XP level 11. HP: 62/95 MP: 14/14
 19414 | Orc:1    | Reached skill level 12 in Unarmed Combat
 19538 | Orc:2    | Entered Level 2 of the Orcish Mines
 19538 | Orc:2    | Found Egoucis's Book Emporium.
 19538 | Orc:2    | Found a staircase to the Elven Halls.
 20082 | Orc:2    | Bought a book of Changes for 270 gold pieces
 20085 | Orc:2    | Learned a level 1 spell: Beastly Appendage
 20741 | Orc:2    | Noticed an orc knight
 21119 | D:11     | Reached skill level 1 in Transmutations
 21420 | D:11     | Noticed a two-headed ogre
 21430 | D:11     | a two-headed ogre changed into a warg
 21847 | D:11     | Noticed Sonja
 21852 | D:11     | Noticed Sonja
 21852 | D:11     | Sonja changed into Sonja the spriggan
 22454 | D:11     | Noticed an orc knight
 22491 | D:11     | Killed an orc knight
 22715 | D:11     | Identified the +5 leather armour "Muoba" {rN+ rCorr Dex+3
                  | Stlth-}
 22896 | D:11     | Learned a level 2 spell: Wereblood
 22924 | D:11     | Found a staircase to the Lair.
 23073 | D:11     | Killed Sonja the spriggan
 23426 | D:11     | Noticed Lodul
 23878 | D:10     | Killed Lodul
 24124 | D:10     | Learned a level 3 spell: Spider Form
 24220 | D:11     | Found Jiudgh's Antique Armour Shop.
 24226 | D:11     | Bought the +4 moon troll leather armour {Spirit, Regen++
                  | MP+5} for 1199 gold pieces
 24226 | D:11     | Found the +4 moon troll leather armour {Spirit, Regen++
                  | MP+5}
 24226 | D:11     | Bought a runed hat for 154 gold pieces
 24660 | Lair:1   | Entered Level 1 of the Lair of Beasts
 24702 | Lair:1   | Reached skill level 13 in Unarmed Combat
 24747 | Lair:1   | Found a dark tunnel.
 24769 | Volcano  | Entered a volcano
 24797 | Volcano  | Noticed a stone giant
 24851 | Volcano  | Killed a stone giant
 25240 | Lair:1   | Noticed Joseph
 25261 | Lair:1   | Killed Joseph
 25262 | Lair:1   | Reached XP level 12. HP: 101/105 MP: 11/15
 25503 | Lair:1   | Noticed Amaemon
 25544 | Lair:1   | Killed Amaemon
 25601 | Lair:1   | Identified the amulet "Uculigg" {Reflect rC+ SH+5}
 25895 | Lair:1   | Identified the +2 cloak of Perfidy {MP+9 Int+2}
 25961 | Lair:1   | Found a runed translucent door.
 26029 | Lair:1   | Noticed Kazon's ghost (journeyman GrBe)
 26322 | Lair:1   | Killed Kazon's ghost
 26624 | Lair:2   | Noticed a four-headed hydra
 26635 | Lair:2   | Killed a four-headed hydra
 26770 | Lair:2   | Noticed a catoblepas
 27035 | Lair:2   | Killed a catoblepas
 27036 | Lair:2   | Reached skill level 5 in Transmutations
 27162 | Lair:2   | Reached skill level 10 in Fighting
 27162 | Lair:2   | Reached skill level 14 in Unarmed Combat
 27377 | Lair:2   | Found a hole to the Spider Nest.
 27933 | Lair:3   | Noticed a five-headed hydra
 27954 | Lair:3   | Killed a five-headed hydra
 28057 | Lair:3   | Noticed a seven-headed hydra
 28090 | Lair:3   | Killed a seven-headed hydra
 28613 | Lair:3   | Found a staircase to the Swamp.
 29481 | Lair:4   | Noticed a six-headed hydra
 29490 | Lair:4   | Killed a six-headed hydra
 29491 | Lair:4   | Reached XP level 13. HP: 93/114 MP: 16/16
 29763 | Lair:4   | Found a staircase to the Slime Pits.
 30364 | Lair:5   | Entered Level 5 of the Lair of Beasts
 30525 | Lair:5   | Reached skill level 10 in Dodging
 30649 | Lair:4   | Reached skill level 15 in Unarmed Combat
 31293 | Lair:5   | Found the +3 pair of seven-league boots {Rampage+∞}
 31308 | Lair:5   | Reached skill level 10 in Evocations
 32052 | Lair:5   | Noticed a dire elephant
 32052 | Lair:5   | Noticed a dire elephant
 32052 | Lair:5   | Noticed a dire elephant
 32183 | Lair:5   | Identified a scroll of acquirement
 32184 | Lair:5   | Acquired the +1 pair of gloves "Ematiq" {rElec Will+}
 32361 | Lair:4   | Killed a dire elephant
 32495 | Lair:5   | Killed a dire elephant
 32855 | Lair:5   | Identified the +8 chain mail "Sohy" {rC+ rN+ Str+3}
 32957 | Lair:5   | Killed a dire elephant
 33247 | Lair:5   | Reached XP level 14. HP: 124/124 MP: 17/17
 33983 | Orc:2    | Noticed Erolcha
 33995 | Orc:2    | Killed Erolcha
 34370 | Orc:2    | Noticed an orc warlord
 34537 | Orc:2    | Killed an orc warlord
 34604 | Orc:2    | Noticed Saint Roka
 34709 | Orc:1    | Upgraded the game from 0.29-a0-1052-g6990b1bffc to
                  | 0.29-a0-1065-g47a6bb87d6
 35299 | Orc:2    | Noticed Urug
 35299 | Orc:2    | Paralysed by an orc sorcerer for 5 turns
 35349 | Orc:1    | Reached skill level 16 in Unarmed Combat
 35395 | Orc:2    | Killed Urug
 35628 | Orc:2    | Found Inaadouc's Antique Armour Shoppe.
 35629 | Orc:2    | Found Evaosido's Antique Weapon Emporium.
 35631 | Orc:2    | Found Tietum's General Store.
 35631 | Orc:2    | Found Ceetzorall's Book Shoppe.
 35637 | Orc:2    | Bought a book of Alchemy for 392 gold pieces
 35643 | Orc:2    | Learned a level 5 spell: Irradiate
 35787 | Orc:2    | Killed Saint Roka
 36017 | Swamp:1  | Entered Level 1 of the Swamp
 36033 | Swamp:1  | Identified the ring of New Discoveries {Fly rN+ EV+4}
 36075 | Swamp:1  | You are sucked into a shaft and drop 1 floor!
 36297 | Swamp:2  | Reached skill level 1 in Spellcasting
 36559 | Swamp:1  | Noticed a thorn hunter
 36911 | Swamp:1  | Noticed Josephine
 36939 | Swamp:1  | Killed Josephine
 37028 | Swamp:1  | Noticed jejorda2's ghost (adept MfBe)
 37030 | Swamp:1  | Noticed a tentacled monstrosity
 37035 | Swamp:1  | Found a runed translucent gate.
 37035 | Swamp:1  | Found a runed translucent gate.
 37035 | Swamp:1  | Found a runed translucent gate.
 37336 | Swamp:1  | Noticed Nikola
 37362 | Swamp:1  | Killed Nikola
 37363 | Swamp:1  | Reached XP level 15. HP: 89/134 MP: 24/24
 37552 | Swamp:1  | HP: 5/134 [poisoned by a swamp dragon (poison gas)]
 37557 | Swamp:1  | HP: 3/134 [poisoned by a swamp dragon (poison gas)]
 38156 | Swamp:2  | Identified Roxanne's Handbook of Terra Firma
 38156 | Swamp:2  | Noticed Roxanne
 38548 | Swamp:3  | Noticed a thorn hunter
 38563 | Swamp:3  | Killed a thorn hunter
 38614 | Swamp:3  | Noticed Mara
 38730 | Spider:1 | Entered Level 1 of the Spider Nest
 39772 | Spider:1 | Reached skill level 17 in Unarmed Combat
 39772 | Spider:1 | Reached skill level 5 in Spellcasting
 42193 | Spider:2 | Reached XP level 16. HP: 146/146 MP: 27/27
 42427 | Spider:2 | Gained mutation: Armour fits poorly on your strangely
                  | shaped body. [mutagenic glow]
 43723 | Spider:3 | Gained mutation: You are frail. (-10% HP) [mutagenic glow]
 43801 | Spider:3 | Noticed Aizul
 43826 | Spider:3 | Killed Aizul
 44279 | Spider:4 | Entered Level 4 of the Spider Nest
 44894 | Spider:4 | Reached skill level 18 in Unarmed Combat
 45480 | Spider:4 | Reached skill level 15 in Fighting
 46077 | Spider:4 | Slain by a ghost moth

Illustrated notes

Levels and vault maps discovered:
D:1:      matt_arrival_los_fun, layout_basic
D:2:      layout_basic, serial_bayou, serial_bayou_lake_a,
          serial_bayou_lagoon_a, serial_bayou_pond_b, serial_bayou_pond_c,
          shapermc_ecumenical_altar_venn
D:3:      layout_basic, serial_shops, nicolae_shop_hallway_stairs,
          chequers_decorated_corner
D:4:      layout_loops_cross, eino_curves_04, minmay_bisected, uniq_natasha
D:5:      layout_basic, gammafunk_ghost_grave
D:6:      layout_rooms, mainiacjoe_overflow_24_doors, minmay_temple_entry_waves,
          roderic_batcave, minmay_bent
D:7:      layout_loops_cross, marbit_many_paths, makhleb_altar_promises_db,
          enter_ossuary_5, eino_tiny_chamber, minmay_holes, minmay_manual_mares
D:8:      layout_loops_ring, minmay_overflow_temple_star_quad,
          nicolae_figureground_sparkle
D:9:      layout_loops_corners, special_room [special_room_orc],
          nicolae_shop_vocational
D:10:     layout_rooms, nicolae_tso_swordbearing_angel,
          kennysheep_orc_monster_closet_entryway, enter_bailey_2
D:11:     layout_roguey, dpeg_oklobed_lair, special_room [special_room_orc],
          serial_shops, nicolae_shop_waterfront, uniq_sonja, uniq_lodul
Lair:1:   layout_small_grid, ebering_ghost_reflecting_pool,
          nicolae_volcano_entry_hallway, st_stairs_12, lemuel_fruit_tree,
          uniq_joseph, uniq_amaemon
Lair:2:   layout_cellular_growth, hellmonk_spider_entry_not_the_bees,
          serial_bayou, serial_bayou_shore_b, serial_bayou_ford_a,
          serial_bayou_pond_a, serial_bayou_shore_b
Lair:3:   layout_small_grid, swamp_mist_pool, cheibrodos_lair_lostbears
Lair:4:   layout_roguey, slime_entry_1
Lair:5:   due_jungle_book, layout_regular_city,
          hellmonk_guarded_unrand_seven_league_boots, grunt_megastairs_2
Swamp:1:  layout_basic_swamp, gammafunk_ghost_split, nicolae_swamp_small_spring,
          infiniplex_staircase_pool, uniq_nikola, uniq_josephine
Swamp:2:  layout_falls_marsh, serial_swamp_ruin, evilmike_swamp_ruin_house_6,
          hangedman_swamp_ruin_hall, swamp_pool4, st_swamp_ruins_1, uniq_roxanne
Swamp:3:  layout_falls_marsh, evilmike_swamp_ruin_house_1, swamp_pool1,
          uniq_mara
Spider:1: layout_spider_delve, guppyfry_spider_mini_1
Spider:2: layout_spider_delve, hangedman_spider_tarantella_strand
Spider:3: layout_spider_delve, uniq_aizul
Spider:4: floodkiller_spider_rune_tomb
Orc:1:    layout_caves
Orc:2:    st_orc_congregation, layout_caves, basic_altar, serial_shops,
          nicolae_shop_statue_plus, uniq_saint_roka, uniq_erolcha, uniq_urug

Skill      XL: |  1  2  3  4  5  6  7  8  9 10 11 12 13 14 15 16 |
---------------+-------------------------------------------------+-----
Dodging        | 2 3 4 5 7 8 9 10 12 13 14 | 14.6
Unarmed Combat | 2 3 4 5 6 8 10 11 13 14 15 16 17 18 | 18.0
Fighting       | 3 4 5 6 7 8 9 10 11 12 14 15 | 15.1
Evocations     | 1 2 3 5 6 8 9 10 | 10.0
Transmutations | 3 5 7 8 |  8.0
Spellcasting   | 3 5 |  5.0
Stealth        | |  4.6

Action                   |  1- 3 |  4- 6 |  7- 9 | 10-12 | 13-15 | 16-18 || total
-------------------------+-------+-------+-------+-------+-------+-------++-------
Melee: Unarmed           |   188 |   245 |   530 |  1017 |  1951 |   489 ||  4420
       Punch             |     5 |     6 |    36 |    88 |   230 |    80 ||   445
       Staff             |       |       |     1 |       |       |       ||     1
       Dagger            |       |       |     1 |    32 |       |       ||    33
       Kick              |       |       |       |    63 |   181 |    39 ||   283
       Headbutt          |       |       |       |    56 |   109 |    26 ||   191
 Fire: Sling             |       |    21 |     9 |    10 |       |       ||    40
Throw: Dart              |       |     8 |    25 |    38 |    11 |     1 ||    83
       Boomerang         |       |    17 |    65 |    86 |    50 |    21 ||   239
       Throwing net      |       |       |     3 |       |       |       ||     3
 Cast: Beastly Appendage |       |       |       |    20 |    28 |     4 ||    52
       Spider Form       |       |       |       |    11 |    13 |       ||    24
       Wereblood         |       |       |       |     3 |     3 |     1 ||     7
       Irradiate         |       |       |       |       |    18 |    19 ||    37
 Abil: End Transformatio |       |       |       |       |     1 |       ||     1
Evoke: Wand              |       |     3 |     9 |    28 |     4 |       ||    44
       Condenser vane    |       |       |       |       |     1 |     1 ||     2
  Use: Scroll            |       |     1 |     3 |    13 |    10 |     1 ||    28
       Potion            |       |       |       |     6 |     2 |     5 ||    13
 Stab: Sleeping          |     9 |     1 |     5 |     5 |     4 |     1 ||    25
       Held in net/web   |       |       |     3 |       |       |       ||     3
       Distracted        |       |       |       |     2 |     3 |     2 ||     7
       Fleeing           |       |       |       |     1 |       |       ||     1
Armor: Leather armour    |    44 |    16 |    80 |     5 |       |       ||   145
       Scale mail        |    24 |       |       |       |       |       ||    24
       Chain mail        |       |    97 |       |   219 |       |       ||   316
       Steam dragon scal |       |       |    15 |     3 |       |       ||    18
       Troll leather arm |       |       |       |   104 |   460 |   117 ||   681
       Skin              |       |       |       |     3 |     3 |       ||     6
Dodge: Dodged            |   112 |    76 |   304 |   565 |  1602 |   542 ||  3201
Block: Other             |       |       |       |    71 |   367 |    78 ||   516
       Reflection        |       |       |       |       |     3 |       ||     3

Table legend: (Time is in decaauts)
 A = Elapsed time spent in this place.
 B = Non-inter-level travel time spent in this place.
 C = Inter-level travel time spent in this place.
 D = Time resting spent in this place.
 E = Time spent auto-exploring this place.
 F = Levels seen in this place.
 G = Mean time per level.
                   A        B        C        D        E       F      G
               +--------+--------+--------+--------+--------+-----+--------+
         Total |  45308 |  43668 |   1640 |  11921 |  20789 |  28 | 1618.1 |
       Dungeon |  20861 |  20258 |    603 |   7279 |   9011 |  11 | 1896.5 |
          Lair |   8391 |   7882 |    509 |    619 |   5142 |   5 | 1678.2 |
         Swamp |   2562 |   2461 |    101 |    442 |   1064 |   3 |  854.0 |
   Spider Nest |   7008 |   6721 |    287 |   1592 |   3335 |   4 | 1752.0 |
  Orcish Mines |   3891 |   3753 |    138 |   1271 |   1109 |   2 | 1945.5 |
       Ossuary |    940 |    940 |      0 |     46 |    658 |   1 |  940.0 |
        Bailey |   1342 |   1342 |      0 |    670 |    368 |   1 | 1342.0 |
       Volcano |    310 |    310 |      0 |      0 |    101 |   1 |  310.0 |
               +--------+--------+--------+--------+--------+-----+--------+

Top non-repeatable levels by time:
    D:10: 3977 daAuts
  Lair:5: 2515 daAuts
Spider:1: 2093 daAuts
   Orc:2: 2048 daAuts
     D:9: 1962 daAuts
     D:8: 1953 daAuts
    D:11: 1941 daAuts
     D:2: 1908 daAuts
     D:6: 1893 daAuts
   Orc:1: 1843 daAuts
     D:4: 1747 daAuts
Spider:4: 1715 daAuts
Spider:3: 1663 daAuts
     D:5: 1643 daAuts
  Lair:4: 1641 daAuts
